 Dungeon Crawl Stone Soup version 0.31-a0-472-g43a2ca8e1b (console) character file.

Game seed: 2778622070486125032

40 Lexodia the Caller (level 3, -1/19 HPs)
             Began as a Tengu Summoner on Aug 6, 2023.
             Was a Plaything of Xom.
             Slain by an ufetubus (3 damage)
             ... summoned by Xom
             ... on level 2 of the Dungeon.
             The game lasted 00:08:25 (1568 turns).

Lexodia the Caller (Tengu Summoner)                 Turns: 1568, Time: 00:08:25

Health: -1/19      AC:  2    Str:  8      XL:     3   Next: 50%
Magic:  2/8        EV: 12    Int: 17      God:    Xom [.*....]
Gold:   65         SH:  0    Dex: 13 (14) Spells: 1/7 levels left

rFire   . . .        j - +0 dagger (speed)
rCold   . . .        (no shield)
rNeg    . . .        a - +0 robe
rPois   .            (helmet restricted)
rElec   .            (no cloak)
rCorr   .            (no gloves)
SInv    .            (boots unavailable)
Will    .....        (no amulet)
Stlth   ++           (no ring)
HPRegen 0.23/turn    (no ring)
MPRegen 0.11/turn

%: no passive effects
@: no status effects
A: beak, talons 3
a: Renounce Religion


You were on level 2 of the Dungeon.
You worshipped Xom.
You were a plaything of Xom.
You visited 1 branch of the dungeon, and saw 2 of its levels.

You collected 65 gold pieces.

Inventory:

Hand Weapons
 j - a +0 dagger of speed (weapon)
Armour
 a - a +0 robe (worn)
Jewellery
 g - an amulet of the acrobat
Scrolls
 c - a scroll of summoning {unknown}
 d - a scroll of enchant armour {unknown}
 e - a scroll of enchant weapon {unknown}
 f - 2 scrolls of fog {unknown}
 h - a scroll of identify {unknown}
 i - a scroll of revelation {unknown}
 k - a scroll of fear {unknown}
Potions
 b - a potion of magic


   Skills:
 - Level 2.1 Dodging
 - Level 2.0 Stealth
 + Level 2.8 Spellcasting
 + Level 5.5 Summonings


You had one spell level left.
You knew the following spells:

 Your Spells              Type           Power      Damage    Failure   Level
a - Summon Small Mammal   Summ           84%        N/A       1%          1
b - Call Imp              Summ           42%        N/A       2%          2
c - Call Canine Familiar  Summ           21%        N/A       5%          3

Your spell library contained the following spells:

 Spells                   Type           Power      Damage    Failure   Level
 Apportation              Tloc           4%         N/A       19%         1
 Necrotise                Necr           8%         1d4       19%         1
 Summon Guardian Golem    Hex/Summ       11%        N/A       17%         3
 Summon Lightning Spire   Summ/Air       11%        N/A       50%         4
 Conjure Ball Lightning   Conj/Air       1%         3x3d6     100%        6
 Discord                  Hex            1%         N/A       100%        8
 Disjunction              Tloc           1%         N/A       100%        8


Dungeon Overview and Level Annotations

Branches:
Dungeon (2/15)

Altars:
Xom

Annotations:
D:2 1 runed translucent door, Crazy Yiuf


Innate Abilities, Weirdness & Mutations

You have a beak for a mouth.
You have claws for feet.


Message History

Your rat disappears in a puff of smoke!
The quasit bites you. The quasit completely misses you.
The quasit claws you but does no damage.
The ufetubus closely misses you.
The ufetubus hits you but does no damage.
Your cerulean imp closely misses the quasit.
Huge Dmg: -53%(-10hp) hp: 37%(7hp)
You swap places.
The ufetubus barely misses you. The ufetubus hits you.
The quasit barely misses your quokka. The quasit misses your quokka.
The quasit claws your quokka but does no damage.
Your quokka barely misses the ufetubus.
Your cerulean imp hits the quasit but does no damage.
Your rat bites the quasit but does no damage.
The ufetubus misses you. The ufetubus closely misses you.
You barely miss the ufetubus. You claw the ufetubus.
The ufetubus is heavily wounded.
The quasit bites your quokka. The quasit barely misses your quokka.
The quasit closely misses your quokka.
Your quokka bites the ufetubus.
You closely miss the ufetubus.
The ufetubus is severely wounded.
The ufetubus closely misses you.
The ufetubus hits you but does no damage.
The quasit bites your quokka but does no damage.
The quasit claws your quokka but does no damage.
The quasit claws your quokka.
Your rat completely misses the quasit.
Your cerulean imp completely misses the quasit.
Your quokka misses the ufetubus.
Unknown command.
You closely miss the ufetubus.
The ufetubus is severely wounded.
The ufetubus hits you.
* * * LOW HITPOINT WARNING * * *
The ufetubus hits you.
* * * LOW HITPOINT WARNING * * *
The quasit closely misses your quokka. The quasit claws your quokka.
The quasit misses your quokka.
Your cerulean imp hits the quasit but does no damage.
Your rat bites the quasit.
The ufetubus barely misses you. The ufetubus hits you.
You die...

#............
####.##..#.## #.##......
#.##.....#
######.##..#..#
#..............
#.####.##......
###########.####.########
#.!..r.r@......#.#
#.####55###.##.#.### #.5#
#.##.#...# ####
#......#.# ######...#
##.## #.# #.#######
#.##.....


You could see a quasit (summoned, ally target), an ufetubus (summoned), a
friendly cerulean imp (summoned), a friendly quokka (summoned) and a friendly
rat (summoned).

Vanquished Creatures
  A ball python (D:1)
  2 endoplasms (D:2)
  3 goblins
  A kobold (D:1)
  A frilled lizard (D:1)
8 creatures vanquished.

Vanquished Creatures (collateral kills)
  A worm (D:2)
  2 dart slugs
  2 ball pythons
  5 endoplasms
  3 giant cockroaches
  3 goblins
  A kobold (D:2)
  2 rats (D:1)
19 creatures vanquished.

Grand Total: 27 creatures vanquished

Notes
Turn   | Place    | Note
-------+----------+-------------------------------------------
     0 | D:1      | Lexodia the Tengu Summoner began the quest for the Orb.
     0 | D:1      | Reached XP level 1. HP: 10/10 MP: 4/4
    44 | D:1      | Reached skill level 5 in Summonings
    71 | D:1      | Reached XP level 2. HP: 13/15 MP: 0/6
   129 | D:1      | Learned a level 2 spell: Call Imp
   661 | D:1      | Huge Dmg: 4 dmg
   769 | D:1      | Found a faded altar of an unknown god.
   832 | D:1      | Prayed at the altar of an unknown god.
   832 | D:1      | Became a worshipper of Xom of Chaos
   912 | D:1      | XOM: silly message
  1080 | D:2      | Reached XP level 3. HP: 16/19 MP: 2/7
  1090 | D:2      | Learned a level 3 spell: Call Canine Familiar
  1144 | D:2      | Found a runed translucent door.
  1145 | D:2      | Noticed Crazy Yiuf
  1229 | D:2      | XOM: polymorph hound -> shapeshifter
  1252 | D:2      | Huge Dmg: 5 dmg
  1418 | D:2      | Huge Dmg: 7 dmg
  1420 | D:2      | Huge Dmg: 6 dmg
  1559 | D:2      | XOM: summons 2 hostile demons
  1562 | D:2      | XOM: polymorph cerulean imp -> iron imp
  1565 | D:2      | Huge Dmg: 10 dmg
  1568 | D:2      | Slain by an ufetubus

Illustrated notes

Levels and vault maps discovered:
D:1:      matt_arrival_grand_opening, layout_rooms,
          shapermc_ecumenical_altar_mp_vishouse
D:2:      layout_loops_cross, uniq_crazy_yiuf_cottage

Skill      XL: |  1 |
---------------+----+-----
Summonings     | 5 |  5.5
Dodging        | |  2.1
Stealth        | |  2.0
Spellcasting   | |  2.8

Action                     || total
---------------------------++-------
  Melee: Unarmed           ||    26
         Kick              ||    13
         Peck              ||     5
         Dagger            ||     9
   Cast: Summon Small Mamm ||    36
         Call Imp          ||    18
         Call Canine Famil ||     2
 Armour: Robe              ||    11
  Dodge: Dodged            ||    34

Table legend: (Time is in decaauts)
 A = Elapsed time spent in this place.
 B = Non-inter-level travel time spent in this place.
 C = Inter-level travel time spent in this place.
 D = Time resting spent in this place.
 E = Time spent auto-exploring this place.
 F = Levels seen in this place.
 G = Mean time per level.
                   A        B        C        D        E       F      G
               +--------+--------+--------+--------+--------+-----+--------+
         Total |   1564 |   1534 |     30 |      0 |   1262 |   2 |  782.0 |
       Dungeon |   1564 |   1534 |     30 |      0 |   1262 |   2 |  782.0 |
               +--------+--------+--------+--------+--------+-----+--------+

Top non-repeatable levels by time:
     D:1: 1007 daAuts
     D:2: 557 daAuts
